 Dungeon Crawl Stone Soup version 0.20-a0-830-g2c9a30d (webtiles) character file.

14 4thArraOfDagon the Sneak (level 2, -3/13 HPs)
             Began as a Felid Wanderer on Mar 6, 2017.
             Slain by an orc (4 damage)
             ... on level 3 of the Dungeon.
             The game lasted 00:01:19 (267 turns).

4thArraOfDagon the Sneak (Felid Wanderer)            Turns: 267, Time: 00:01:20

Health: -3/13      AC:  1    Str:  8    XL:     2   Next: 27%
Magic:  6/6        EV: 16    Int: 13    God:
Gold:   54         SH:  0    Dex: 13    Spells: 5/5 levels left
                                        Lives:  0   Deaths: 0

rFire    . . .     SeeInvis +     - Unarmed
rCold    . . .     Gourm    .   (armour unavailable)
rNeg     . . .     Faith    .   (shield unavailable)
rPois    .         Spirit   .   (helmet unavailable)
rElec    .         Reflect  .   (cloak unavailable)
rCorr    .         Harm     .   (gloves unavailable)
MR       .....                  (boots unavailable)
Stlth    ++........             (no amulet)
Regen    0.1/turn               (no ring)
MPRegen  0.1/turn               f - -2 ring of strength (curse)

@: quick
A: no armour, no weapons or thrown items, stealth, claws 1, fangs 3, see
invisible, carnivore 3, speed 1, shaggy fur 1, slow metabolism 1, sharp paws
a: no special abilities


You were on level 3 of the Dungeon.
You were very full.

You visited 1 branch of the dungeon, and saw 3 of its levels.

You collected 54 gold pieces.

Inventory:

Jewellery
 f - a cursed -2 ring of strength (left paw)
Scrolls
 g - a scroll of teleportation {unknown}
 h - a scroll of magic mapping {unknown}
 i - a scroll of fog {unknown}
Potions
 b - a potion of lignification
 c - a potion of curing
 e - a potion of mutation {unknown}
Books
 a - a book of Minor Magic

   Spells                             Type                      Level
   a - Magic Dart                     Conjuration                  1
   b - Blink                          Translocation                2
   c - Call Imp                       Summoning                    2
   d - Slow                           Hexes                        2
   e - Conjure Flame                  Conjuration/Fire             3
   f - Mephitic Cloud                 Conjuration/Poison/Air       3
Comestibles
 d - a meat ration


   Skills:
 - Level 2.0 Fighting
 + Level 1.0 Dodging
 - Level 2.6 Stealth
 * Level 1.6 Unarmed Combat
 * Level 2.3 Spellcasting
   Level 1.0 Conjurations
   Level 2.0 Necromancy


You had 5 spell levels left.
You didn't know any spells.

Dungeon Overview and Level Annotations

Branches:
Dungeon (3/15)

Altars:
Yredelemnul


Innate Abilities, Weirdness & Mutations

You cannot wear armour.
You are incapable of wielding weapons or throwing items.
Your paws allow you to move quietly. (Stealth)
You have sharp claws.
You have razor-sharp teeth.
You have supernaturally acute eyesight. (SInv)
You are carnivorous and can eat meat at any time.
You cover ground quickly.
You are covered in fur. (AC +1)
You have a slow metabolism.
Your sharp claws are effective at attacking unaware monsters.


Message History

You climb upwards.
The hobgoblin completely misses you.
There is a stone staircase leading down here.
Unknown command.
Found a stone staircase leading down.
Found a dark potion.
There is a stone staircase leading down here.
You climb downwards.
Found 14 gold pieces.
There is a stone staircase leading up here.
Unknown command.
You see here 14 gold pieces.
You now have 54 gold pieces (gained 14).
The orc wizard points at you and mumbles some strange words.
The puff of frost hits you!
Ouch! That really hurt!
* * * LOW HITPOINT WARNING * * *
An orc comes into view. It is wielding a hand axe.
There is a stone staircase leading up here.
The orc hits you.
You die...

##### #####
#...### ###...#
#.<...# #..o@.#
#.............#
###....⌠..o.###
###.....##
#..o## ##....
######


You could see an orc wizard and 2 orcs.

Vanquished Creatures
  An adder (D:2)
  A hobgoblin (D:1)
  A jackal (D:2)
  3 frilled lizards
6 creatures vanquished.

Notes
Turn   | Place    | Note
-------+----------+-------------------------------------------
     0 | D:1      | 4thArraOfDagon the Felid Wanderer began the quest for the Orb.
     0 | D:1      | 4thArraOfDagon set off with: a book of Minor Magic, a potion of lignification, a potion of curing, a meat ration
     0 | D:1      | Reached XP level 1. HP: 9/9 MP: 4/4
    77 | D:2      | Reached skill level 1 in Dodging
    77 | D:2      | Reached XP level 2. HP: 9/13 MP: 6/6
   148 | D:2      | Found a basalt altar of Yredelemnul.
   267 | D:3      | Slain by an orc

Vault maps used:
D:1:      minmay_arrival_checkered_box
D:2:      nicolae_overflow_crystal_walls, minmay_misc_feat_room, uniq_jessica
D:3:      makhleb_altar_promises_db, nicolae_tso_swordbearing_angel,
          grunt_ministairs_12, hex_tiny, grunt_nemelex_the_gamble

Skill      XL: |  1 |
---------------+----+-----
Dodging        | 1 |  1.0
Fighting       | |  2.0
Stealth        | |  2.6
Unarmed Combat | |  1.6
Spellcasting   | |  2.3
Conjurations   | |  1.0
Necromancy     | |  2.0

Action                   || total
-------------------------++-------
Melee: Unarmed           ||    25
 Stab: Sleeping          ||     2
       Distracted        ||     1
  Eat: Chunk             ||     4
Dodge: Dodged            ||    24
